 Dungeon Crawl Stone Soup version 0.20.1-1-g8b1a95d (webtiles) character file.

88 Mimshu the Covered (level 4, -1/40 HPs)
             Began as a Minotaur Fighter on Nov 30, 2017.
             Killed by divine providence
             ... invoked by an orc priest
              (17 damage)
             ... on level 3 of the Dungeon.
             The game lasted 00:06:37 (1648 turns).

Mimshu the Covered (Minotaur Fighter)               Turns: 1648, Time: 00:06:38

Health: -1/40      AC:  9    Str: 20    XL:     4   Next: 29%
Magic:  3/3        EV:  6    Int:  5    God:
Gold:   119        SH:  0    Dex: 11    Spells: 3/3 levels left

rFire    + . .     SeeInvis .   a - +0 long sword
rCold    . . .     Gourm    .   c - +0 shield
rNeg     . . .     Faith    .   u - +0 chain mail {rF+}
rPois    .         Spirit   .   (helmet restricted)
rElec    .         Reflect  .   (no cloak)
rCorr    +         Harm     .   (no gloves)
MR       .....                  (no boots)
Stlth    ..........             (no amulet)
Regen    0.2/turn               o - ring of resist corrosion
MPRegen  0.1/turn               (no ring)

@: confused
A: retaliatory headbutt, horns 2
a: no special abilities


You were on level 3 of the Dungeon.
You were hungry.

You visited 1 branch of the dungeon, and saw 3 of its levels.

You collected 119 gold pieces.

Inventory:

Hand Weapons
 a - a +0 long sword (weapon)
Missiles
 q - 4 curare-tipped needles
 r - 14 bolts
Armour
 b - a +0 scale mail
 c - a +0 shield (worn)
 u - a +0 chain mail of fire resistance (worn)
Jewellery
 o - a ring of resist corrosion (left hand)
Scrolls
 e - a scroll of amnesia {unknown}
 h - 2 scrolls of identify
 j - 2 scrolls of recharging {unknown}
 n - a scroll of fear {unknown}
 p - a scroll of remove curse {unknown}
 t - a scroll of teleportation {unknown}
Potions
 d - a potion of might
 i - 2 potions of brilliance {unknown}
 s - a potion of mutation {unknown}
Comestibles
 f - 3 bread rations
 k - 3 fruits
 l - a meat ration
 m - 3 royal jellies


   Skills:
 * Level 4.0 Fighting
 * Level 3.0 Long Blades
 * Level 4.6 Armour
 - Level 1.0 Dodging
 * Level 4.6 Shields


You had 3 spell levels left.
You didn't know any spells.

Dungeon Overview and Level Annotations

Branches:
Dungeon (3/15)

Altars:


Innate Abilities, Weirdness & Mutations

You reflexively headbutt those who attack you in melee.
You have a pair of horns on your head.


Message History

A puff of flame appears from out of thin air!
The puff of flame hits you! You resist.
You bump into the rock wall.
Something hits you but does no damage.
You bump into the rock wall.
Something hits you but does no damage.
You bump into the rock wall.
Something hits you but does no damage.
You bump into the rock wall.
You feel less confused.
You hear some strange, mumbled words.
Something tries to affect you, but you resist.
The orc priest looks encouraged for a moment.
Something hits you but does no damage.
You hear some strange, mumbled words.
You are confused.
You're too confused to move!
A puff of flame appears from out of thin air!
The puff of flame hits you! You resist.
You're too confused to move!
The adder closely misses you.
The orc priest calls down the wrath of Beogh upon you.
Beogh smites you!
You die...

..##.########.#
..#<..........#.......#.
..........>...+.........
..............#.........
#....#........+.........
.....#.#.....##.........
.....#.####'#.#.........
###..[......#.#.........
.......#........@.......
..#.####........S###.#.#
.................###.#.#
#.#..................#.###
#.#.####...........g......
#.#.# #.....#....o..#.##
#.#.# ##'#.####.....#
#.#######.#.########.#.####
#.........<...o.gS..........


You could see an orc priest and an adder.

Vanquished Creatures
  2 adders (D:2)
  2 worms (D:2)
  2 leopard geckos (D:1)
  An orc (D:3)
  4 giant cockroaches
  8 goblins
  8 hobgoblins
  4 jackals (D:1)
  7 kobolds
  2 quokkas (D:2)
  6 bats
  6 frilled lizards
  2 rats (D:2)
54 creatures vanquished.

Notes
Turn   | Place    | Note
-------+----------+-------------------------------------------
     0 | D:1      | Mimshu the Minotaur Fighter began the quest for the Orb.
     0 | D:1      | Reached XP level 1. HP: 19/19 MP: 0/0
    36 | D:1      | Reached XP level 2. HP: 20/27 MP: 1/1
   431 | D:1      | Reached XP level 3. HP: 33/33 MP: 2/2
   849 | D:2      | Reached skill level 1 in Dodging
   910 | D:2      | Reached XP level 4. HP: 23/40 MP: 3/3
  1648 | D:3      | Killed from afar by an orc priest

Skill      XL: |  1  2  3  4 |
---------------+-------------+-----
Shields        | 4 |  4.6
Armour         | 4 |  4.6
Dodging        | 1 |  1.0
Long Blades    | 3 |  3.0
Fighting       | 4 |  4.0

Action                   |  1- 3 |  4- 6 || total
-------------------------+-------+-------++-------
Melee: Long sword        |    88 |    42 ||   130
       Headbutt          |    17 |     4 ||    21
  Use: Scroll            |     1 |     1 ||     2
  Eat: Chunk             |       |     2 ||     2
Armor: Scale mail        |    47 |    15 ||    62
       Chain mail        |       |    14 ||    14
Dodge: Dodged            |    44 |    12 ||    56
Block: Shield            |    58 |    21 ||    79
       Rpst.: Long sword |     8 |     2 ||    10
